 Dungeon Crawl Stone Soup version 0.29.1-15-g9cfb28693d (webtiles) character file.

Game seed: 16351999464276928300

156 Hugehornet the Poker (level 5, -9/38 (41) HPs)
             Began as a Formicid Fighter on Apr 2, 2023.
             Mangled by Menkaure (15 damage)
             ... on level 4 of the Dungeon.
             The game lasted 00:06:07 (3629 turns).

Hugehornet the Poker (Formicid Fighter)             Turns: 3629, Time: 00:06:07

HP:   -9/38 (41)    AC: 10    Str: 17    XL:     5   Next: 64%
MP:   5/5           EV:  6    Int: 10    God:
Gold: 204           SH:  5    Dex: 13    Spells: 4/4 levels left

rFire   + + +      SeeInvis +   v - +1 falchion (flame)
rCold   . . .      Faith    .   c - +0 buckler
rNeg    . . .      Spirit   .   t - +0 chain mail of Zino {rF+++ Will+ Str-3}
rPois   .          Reflect  .   (helmet unavailable)
rElec   .          Harm     .   (no cloak)
rCorr   +          Rampage  .   u - +0 pair of gloves
Will    +....                   (no boots)
Stlth   ..........              (no amulet)
HPRegen 0.12/turn               f - ring of flight
MPRegen 0.09/turn               l - ring of resist corrosion

@: flying, drained
A: permanent stasis, dig shafts and tunnels, antennae 3, four strong arms
a: Dig, Shaft Self


You were on level 4 of the Dungeon.
You visited 1 branch of the dungeon, and saw 4 of its levels.

You collected 204 gold pieces.

Inventory:

Hand Weapons
 a - a +0 trident
 v - a +1 falchion of flaming (weapon)
Armour
 b - a +0 scale mail
 c - a +0 buckler (worn)
 t - the +0 chain mail of Zino (worn) {rF+++ Will+ Str-3}
   (You found it on level 3 of the Dungeon)

   Str:       It affects your strength (-3).
   rF:        It renders you almost immune to fire.
   Will:      It increases your willpower.
 u - a +0 pair of gloves (worn)
Jewellery
 f - a ring of flight (left hand)
 j - a ring of protection from fire
 l - a ring of resist corrosion (right hand)
 p - a ring of fire
Scrolls
 h - 2 scrolls of teleportation {unknown}
 i - a scroll of blinking {unknown}
 m - a scroll of identify {unknown}
 o - a scroll of enchant weapon {unknown}
Potions
 d - a potion of might
 e - 4 potions of curing
 g - a potion of mutation {unknown}
 k - a potion of attraction {unknown}
 n - a potion of haste {unknown}
 q - 2 potions of berserk rage {unknown}
 r - a potion of resistance {unknown}
 s - a potion of flight {unknown}


   Skills:
 - Level 3.2 Fighting
 * Level 0.0 Long Blades
 - Level 5.4 Polearms
 - Level 3.2 Armour
 - Level 4.0 Shields


You had 4 spell levels left.
You didn't know any spells.
Your spell library was empty.

Dungeon Overview and Level Annotations

Branches:
Dungeon (4/15)
 Temple: D:4-7

Altars:
Zin

Annotations:
D:4 Menkaure


Innate Abilities, Weirdness & Mutations

You cannot be hasted, slowed, berserked, paralysed or teleported.
You can dig through walls and to a lower floor.
You have a pair of large antennae on your head. (SInv)
Your four strong arms can wield two-handed weapons with a shield.


Message History

No target in view!
h - 2 scrolls labelled ULAGONLOOH (gained 1) Menkaure, Prince of Dust comes into view.
There are monsters nearby!
Your +1 falchion of flaming bursts into flame!
v - a +1 falchion of flaming (weapon)
You hit Menkaure. You burn Menkaure.
Menkaure is moderately damaged.
Menkaure barely misses you.
The necrophage hits you but does no damage.
You hit Menkaure. You burn Menkaure.
Menkaure is moderately damaged.
Menkaure gestures at you while chanting.
You resist with some effort.
The necrophage hits you but does no damage.
You completely miss Menkaure.
Menkaure is moderately damaged.
The necrophage hits you but does no damage.
Menkaure hits you.
You hit Menkaure. You burn Menkaure.
Menkaure is severely damaged.
The necrophage hits you but does no damage.
Menkaure hits you!! The necrophage hits you.
You feel drained.
You are too injured to fight recklessly!
You are too injured to fight recklessly!
You hit Menkaure but do no damage.
Menkaure is severely damaged.
Menkaure hits you but does no damage.
The necrophage hits you but does no damage.
You hit Menkaure but do no damage.
Menkaure is severely damaged.
Menkaure points at you and mumbles some strange words.
Pain shoots through your body! The necrophage hits you.
* * * LOW HITPOINT WARNING * * *
You feel drained. Menkaure barely misses you.
You hit Menkaure. You burn Menkaure.
Menkaure is almost destroyed.
The necrophage hits you but does no damage.
You block the necrophage's attack. Menkaure hits you!
You die...

.... #...# ##...## ##.....#
##......##### ####
#...........# #...
##..........#### #...
##.....n........#### #...
.##......M@#.........###...
......!..##......##...#....
..........#.#....##.......#
.........................##
..........................#
##....#.#..........##......
........#..........#...#..#
...##...#...#.....##..#####
.n. ##......#......#.##


You could see a necrophage and Menkaure.

Vanquished Creatures
  A jelly (D:3)
  An iguana (D:2)
  A gnoll (D:3)
  2 adders (D:2)
  A worm (D:2)
  3 dart slugs
  An orc (D:3)
  5 ball pythons
  An endoplasm (D:1)
  6 giant cockroaches
  7 goblins
  4 hobgoblins (D:1)
  7 kobolds
  A quokka (D:1)
  3 bats (D:1)
  4 frilled lizards
  5 rats
53 creatures vanquished.

Notes
Turn   | Place    | Note
-------+----------+-------------------------------------------
     0 | D:1      | Hugehornet the Formicid Fighter began the quest for the
                  | Orb.
     0 | D:1      | Reached XP level 1. HP: 18/18 MP: 1/1
   131 | D:1      | Reached XP level 2. HP: 13/24 MP: 2/2
   453 | D:1      | Reached skill level 3 in Polearms
   726 | D:1      | Reached XP level 3. HP: 29/29 MP: 3/3
  1292 | D:1      | Found a faded altar of an unknown god.
  1677 | D:2      | Reached skill level 4 in Polearms
  1677 | D:2      | Reached XP level 4. HP: 11/35 MP: 4/4
  2291 | D:3      | Identified the +0 chain mail of Zino {rF+++ Will+ Str-3}
  2388 | D:3      | Reached XP level 5. HP: 41/41 MP: 5/5
  2527 | D:3      | Reached skill level 5 in Polearms
  3104 | D:3      | Found a glowing silver altar of Zin.
  3557 | D:4      | Noticed an ogre
  3609 | D:4      | Noticed Menkaure
  3629 | D:4      | Mangled by Menkaure

Illustrated notes

Levels and vault maps discovered:
D:1:      heliophobic_arrival_dark_side_of_the_moon, layout_basic,
          hellmonk_ecumenical_altar_defaced_shrine, nicolae_hexahallways
D:2:      layout_rooms
D:3:      layout_basic, zin_scriptorium
D:4:      layout_cave_pools, uniq_menkaure

Skill      XL: |  1  2  3  4  5 |
---------------+----------------+-----
Polearms       | 3 4 5 |  5.4
Fighting       | |  3.2
Armour         | |  3.2
Shields        | |  4.0

Action                   |  1- 3 |  4- 6 || total
-------------------------+-------+-------++-------
Melee: Trident           |   148 |    54 ||   202
       Falchion          |       |     7 ||     7
  Use: Potion            |     1 |       ||     1
Armor: Scale mail        |    52 |    13 ||    65
       Chain mail        |       |    12 ||    12
Dodge: Dodged            |    55 |    17 ||    72
Block: Buckler           |    24 |     9 ||    33
